 Dungeon Crawl Stone Soup version 0.29.0-15-g675c0067aa (webtiles) character file.

Game seed: 12294449982321601507

93 Powertoast the Chopper (level 4, 0/42 HPs)
             Began as a Hill Orc Cinder Acolyte on Sept 12, 2022.
             Was a High Priest of Ignis.
             Killed by nerve-wracking pain
             ... invoked by Grinder
              (8 damage)
             ... on level 3 of the Dungeon.
             The game lasted 00:10:46 (3180 turns).

Powertoast the Chopper (Hill Orc Cinder Acolyte)    Turns: 3180, Time: 00:10:46

Health: 0/42       AC:  6    Str: 18    XL:     4   Next: 61%
Magic:  1/5        EV: 10    Int: 14    God:    Ignis [*****.]
Gold:   165        SH:  0    Dex:  6    Spells: 3/5 levels left

rFire   + . .      SeeInvis .   a - -1 hand axe (flame)
rCold   . . .      Faith    .   (no shield)
rNeg    . . .      Spirit   .   t - +0 ring mail
rPois   .          Reflect  .   (no helmet)
rElec   .          Harm     .   s - +0 cloak
rCorr   .          Rampage  .   (no gloves)
Will    .....                   (no boots)
Stlth   ..........              (no amulet)
HPRegen 0.14/turn               (no ring)
MPRegen 0.09/turn               (no ring)

@: very slightly contaminated
A: no striking features
a: Renounce Religion, Fiery Armour, Foxfire Swarm, Rising Flame


You were on level 3 of the Dungeon.
You worshipped Ignis.
Ignis was extremely pleased with you.
You visited 1 branch of the dungeon, and saw 3 of its levels.

You collected 165 gold pieces.

Inventory:

Hand Weapons
 a - a -1 hand axe of flaming (weapon)
Armour
 b - a +0 robe
 n - an orb of mayhem
 s - a +0 cloak (worn)
 t - a +0 ring mail (worn)
Scrolls
 c - a scroll of teleportation
 f - a scroll of magic mapping {unknown}
 i - 2 scrolls of butterflies
 l - a scroll of vulnerability {unknown}
 m - 2 scrolls of enchant armour
 p - a scroll of amnesia {unknown}
 q - a scroll of blinking {unknown}
 r - a scroll of immolation {unknown}
 u - a scroll of enchant weapon {unknown}
Potions
 d - 2 potions of heal wounds
 h - a potion of ambrosia
 j - 2 potions of lignification
 k - a potion of invisibility
 o - a potion of cancellation


   Skills:
 - Level 5.0 Fighting
 - Level 5.0 Axes
 + Level 1.0 Spellcasting
 + Level 0.0 Transmutations
 * Level 4.0 Fire Magic
 + Level 0.0 Poison Magic


You had 3 spell levels left.
You knew the following spells:

 Your Spells              Type           Power      Damage    Failure   Level
a - Scorch                Fire           24%        2d6       13%         2

Your spell library contained the following spells:

 Spells                   Type           Power      Damage    Failure   Level
 Beastly Appendage        Tmut           0%         N/A       41%         1
 Conjure Flame            Conj/Fire      6%         6-21      52%         3
 Ignite Poison            Fire/Tmut/Pois 4%         N/A       63%         3
 Mephitic Cloud           Conj/Pois/Air  0%         N/A       80%         3
 Spider Form              Tmut/Pois      0%         N/A       80%         3
 Sticky Flame             Conj/Fire      6%         2d3       90%         4
 Blade Hands              Tmut           0%         N/A       100%        5
 Freezing Cloud           Conj/Ice/Air   0%         6-21      100%        5
 Yara's Violent Unravell  Hex/Tmut       0%         3d3       100%        5
 Statue Form              Tmut/Erth      0%         N/A       100%        6


Dungeon Overview and Level Annotations

Branches:
Dungeon (3/15)

Altars:
Cheibriados
Vehumet
Wu Jian

Annotations:
D:3 Grinder


Message History

Grinder is severely wounded.
The foxfire hits Grinder but does no damage.
Grinder is severely wounded.
You closely miss Grinder.
Grinder is severely wounded.
The foxfire hits Grinder but does no damage.
Grinder is severely wounded.
Grinder hits you.
You barely miss Grinder.
Grinder is severely wounded.
Grinder hits you.
You writhe in agony.
You closely miss Grinder.
Grinder is severely wounded.
Grinder barely misses you.
You closely miss Grinder.
Grinder is severely wounded.
Grinder hits you.
You writhe in agony.
You hit Grinder but do no damage.
Grinder is severely wounded.
Grinder gestures at you.
You suddenly lose the ability to move!
Grinder hits you.
You writhe in agony.
* * * LOW HITPOINT WARNING * * *
Grinder gestures at you.
You barely resist. Grinder gestures at you.
You shrug off the repeated paralysis!
Grinder gestures at you.
You shrug off the repeated paralysis!
You can move again.
Casting: Scorch (safe; 13% risk of failure)
Confirm with . or Enter, or press ? or * to list all spells.
You miscast Scorch.
You are very lightly contaminated with residual magic.
Nothing appears to happen.
Grinder hits you but does no damage.
Casting: Scorch (safe; 13% risk of failure)
Confirm with . or Enter, or press ? or * to list all spells.
You miscast Scorch.
Nothing appears to happen.
Grinder gestures at you. Pain shoots through your body!
You die...

.# #....##.####.##..#.#._.#.
.♣ #....##......##.........
.♣♣#....##....#..#..#..#.#..
........+.....#..#..........
.♣♣#.†..##....#<......#.#.#.
.♣ #....##....#......)......
.###....##...)#.#...........
..............†....>..######
#.............#.@........#
#...............5........#
#................##.######
#.........#.............#
#......##.###...........#
#.........# #...#.......#
##........# #.......#####
##..(....####.##.#..#
.#............##.#..######


You could see Grinder.

Vanquished Creatures
  2 adders (D:2)
  2 worms (D:2)
  2 dart slugs
  4 bats (D:2)
  7 endoplasms
  4 giant cockroaches
  2 goblins (D:1)
  6 hobgoblins
  6 jackals (D:1)
  6 kobolds
  3 quokkas
  5 ball pythons
  3 frilled lizards
  4 rats
56 creatures vanquished.

Vanquished Creatures (others)
  17 foxfires (D:3)
17 creatures vanquished.

Grand Total: 73 creatures vanquished

Notes
Turn   | Place    | Note
-------+----------+-------------------------------------------
     0 | D:1      | Powertoast the Hill Orc Cinder Acolyte began the quest for
                  | the Orb.
     0 | D:1      | Reached XP level 1. HP: 19/19 MP: 2/2
   188 | D:1      | Reached XP level 2. HP: 25/26 MP: 3/3
   241 | D:1      | Learned a level 2 spell: Scorch
   627 | D:1      | Reached XP level 3. HP: 33/33 MP: 1/4
  1259 | D:2      | Found a faded altar of an unknown god.
  1435 | D:2      | Got Paisiune's Vellum of Transmigration
  1489 | D:2      | Found an ornate altar of the Wu Jian Council.
  1717 | D:2      | Reached XP level 4. HP: 26/41 MP: 0/5
  1899 | D:2      | Reached skill level 5 in Axes
  2409 | D:2      | Reached skill level 5 in Fighting
  2828 | D:3      | Found a radiant altar of Vehumet.
  2943 | D:3      | Found a snail-covered altar of Cheibriados.
  3107 | D:3      | Noticed Grinder
  3175 | D:3      | Paralysed by Grinder for 4 turns
  3180 | D:3      | Killed from afar by Grinder

Illustrated notes

Levels and vault maps discovered:
D:1:      scummos_arrival_forest, layout_loops_ring, columned_hall_lemuel
D:2:      layout_basic, hellmonk_ecumenical_altar_lost_god, basic_altar
D:3:      layout_basic, nicolae_vehumet_radiance,
          nicolae_sif_muna_little_library, mainiacjoe_overflow_tiny_flanked,
          minmay_tree_intersection, uniq_grinder, uniq_ijyb

Skill      XL: |  1  2  3  4 |
---------------+-------------+-----
Fire Magic     | 4 |  4.0
Fighting       | 4 5 |  5.0
Axes           | 5 |  5.0
Spellcasting   | |  1.0

Action                   |  1- 3 |  4- 6 || total
-------------------------+-------+-------++-------
Melee: Hand axe          |    70 |    21 ||    91
       Punch             |     1 |     1 ||     2
 Cast: Scorch            |    20 |    18 ||    38
Invok: Foxfire Swarm     |       |     1 ||     1
  Use: Potion            |     1 |       ||     1
       Scroll            |       |     8 ||     8
Armor: Robe              |    12 |       ||    12
       Ring mail         |       |     1 ||     1
Dodge: Dodged            |    35 |     6 ||    41
